AoeStats
← Ux'RaúlME

Nomad

507167383Analyzed
4v4 RM · 16d ago on Sep 16, 2026· 49m 54s· 8 players
Game mode
Random Map
Map size
231×231
Population
200
Speed
Normal
Resources
Standard
Victory
Conquest
Starting age
Dark Age
Ending age
Imperial Age
RankedLock teamsTeams togetherTeam positionsShared explorationLock speedFull tech treeHidden civsTurbo modeCheats
Victory
Defeat
🇨🇦 Japanese · Canada
1392
+11
🇺🇸 Hindustanis · United States
1351
+12
🇺🇸 Spanish · United States
1317
+13
🇺🇸 Celts · United States
1277
+15
🇲🇽 Poles · Mexico
1355
-16
🇲🇽 Persians · Mexico
1307
-15
🇲🇽 Romans · Mexico
1226
-11
🇲🇽 Byzantines · Mexico
1162
-9
:) Regresa rocha moya
4:50 Loom
13:48 Feudal Age
16:57 Double-Bit Axe
18:11 Forging
18:08 Fletching
18:41 Gold Mining
19:30 Fishing Lines
21:48 Wheelbarrow
20:59 Town Watch
26:08 Castle Age
26:58 Bodkin Arrow
27:17 Medium Warships
29:13 Hand Cart
29:30 Gillnets
32:07 Clinker Construction
33:43 Careening
38:17 Imperial Age
40:37 Chemistry
39:58 Ballistics
39:46 Ballistas
45:05 Heavy Scorpion
45:51 Scale Mail Armor
47:08 Siege Engineers
47:13 Masonry
49:01 Chain Mail Armor
49:21 Iron Casting
49:15 Bow Saw
49:12 Pikeman
49:52 Squires
le Alexis Á
4:59 Loom
14:36 Feudal Age
18:48 Double-Bit Axe
21:07 Castle Age
20:49 Fletching
22:18 Bodkin Arrow
33:13 Town Watch
38:31 Bodkin Arrow
39:29 Horse Collar
40:44 Wheelbarrow
40:57 Bloodlines
40:47 Husbandry
40:56 Scale Barding Armor
44:48 Imperial Age
42:58 Hand Cart
42:59 Heavy Plow
43:18 Town Patrol
43:49 Szlachta Privileges
44:47 Chain Barding Armor
46:03 Cavalier
47:20 Gold Mining
Ux'RaulitoMD
3:26 Loom
15:10 Feudal Age
16:13 Double-Bit Axe
22:55 Castle Age
21:16 Fletching
21:40 Horse Collar
23:02 Padded Archer Armor
23:10 Elite Skirmisher
24:14 Bodkin Arrow
34:28 Leather Archer Armor
38:15 Crossbowman
Ux'RaúlME
5:45 Loom
13:44 Feudal Age
18:12 Castle Age
17:27 Double-Bit Axe
17:50 Gold Mining
17:52 Stone Mining
19:57 Bow Saw
21:28 Horse Collar
22:10 Fletching
25:00 Wheelbarrow
25:11 Ballistics
25:13 Town Watch
25:30 Guard Tower
27:01 Scale Barding Armor
27:07 Forging
30:31 Heavy Plow
31:07 Bloodlines
33:11 Chain Barding Armor
33:27 Iron Casting
33:17 Husbandry
37:42 Imperial Age
37:45 Cavalier
Eden
4:45 Loom
13:42 Feudal Age
15:45 Fletching
15:50 Double-Bit Axe
20:43 Castle Age
21:32 Bodkin Arrow
20:59 Crossbowman
22:39 Medium Warships
23:44 Padded Archer Armor
23:30 Fishing Lines
29:07 Horse Collar
32:01 Wheelbarrow
33:28 Leather Archer Armor
33:41 Hand Cart
34:26 Scale Mail Armor
35:13 Forging
35:26 Bow Saw
36:55 Chain Mail Armor
37:17 Thumb Ring
38:02 Iron Casting
41:58 Imperial Age
40:03 Town Watch
39:47 Pikeman
42:09 Squires
43:00 Ballistics
43:27 Heavy Plow
44:29 Plate Mail Armor
43:37 Elite Samurai
45:19 Blast Furnace
44:58 Arson
48:11 Chemistry
48:11 Conscription
48:52 Kataparuto
49:46 Siege Engineers
49:51 Masonry
Rameranic
3:52 Loom
14:23 Feudal Age
15:42 Town Watch
22:38 Castle Age
22:51 Double-Bit Axe
24:05 Bow Saw
24:54 Medium Warships
27:03 Wheelbarrow
26:18 Horse Collar
28:18 Heavy Plow
28:41 Hand Cart
34:17 Bloodlines
34:07 Husbandry
34:13 Scale Barding Armor
34:19 Forging
38:29 Imperial Age
36:51 Town Patrol
39:33 Chain Barding Armor
38:36 Heavy Camel Rider
39:19 Grand Trunk Road
39:41 Conscription
40:43 Iron Casting
41:01 Plate Barding Armor
41:51 Chemistry
40:21 Imperial Camel Rider
43:04 Siege Engineers
46:10 Blast Furnace
Gaven
14:15 Feudal Age
18:47 Castle Age
33:53 Scale Barding Armor
35:25 Fletching
48:38 Double-Bit Axe
48:41 Horse Collar
50:44 Forging
50:54 Chain Barding Armor
FiveCatsATrebuchetandaDream
5:01 Loom
14:00 Feudal Age
14:46 Double-Bit Axe
19:01 Castle Age
18:28 Fletching
20:08 Bodkin Arrow
20:46 Medium Warships
22:10 Wheelbarrow
21:43 Fishing Lines
25:52 Horse Collar
30:44 Scale Mail Armor
30:55 Forging
33:29 Imperial Age
31:44 Arson
34:10 Bow Saw
35:09 Clinker Construction
35:40 Pikeman
37:37 Chain Mail Armor
38:56 Siege Engineers
41:11 Iron Casting
40:41 Halberdier
42:53 Conscription
42:43 Heavy Plow
43:39 Stronghold
44:14 Ballistics
45:31 Plate Mail Armor
46:01 Blast Furnace
46:39 Chemistry
46:06 Heavy Scorpion
46:50 Elite Woad Raider
47:33 Gambesons
47:44 Onager
Connection lost

Rejoining the realm…

Still unreachable

The connection could not be restored.

Session expired

The server has moved on; the page needs a fresh start.